 Dungeon Crawl Stone Soup version 0.18.1-50-g88ac8fd (webtiles) character file.

174 Gargoyl the Skirmisher (level 5, -9/42 HPs)
             Began as a Demonspawn Abyssal Knight on Oct 4, 2016.
             Was a Believer of Lugonu.
             Mangled by an ogre
             ... wielding a +0 giant club
              (28 damage)
             ... on level 4 of the Dungeon.
             The game lasted 00:04:59 (3253 turns).

Gargoyl the Skirmisher (Demonspawn Abyssal Knight)  Turns: 3253, Time: 00:05:00

Health: -9/42      AC:  9    Str: 18    XL:     5   Next: 28%
Magic:  7/7        EV:  7    Int: 13    God:    Lugonu [**....]
Gold:   204        SH:  0    Dex: 13    Spells: 0 memorised, 4 levels left

rFire  + . .     SeeInvis .     a - +1 hand axe
rCold  . . .     Gourm    .     e - +0 chain mail {rF+}
rNeg   . . .     Faith    .     (no shield)
rPois  .         Spirit   .     (no helmet)
rElec  .         Dismiss  .     (no cloak)
rCorr  .         Reflect  .     (no gloves)
SustAt .         Harm     .     (no boots)
MR     .....                    (no amulet)
Stlth  ..........               (no ring)
                                k - ring of flight (curse)

@: mighty, not resistant to hostile enchantments, extremely unstealthy
A: claws 2
a: Depart the Abyss, Bend Space, Renounce Religion, Evoke Flight


You were on level 4 of the Dungeon.
You worshipped Lugonu.
Lugonu was pleased with you.
You were very hungry.

You visited 1 branch of the dungeon, and saw 4 of its levels.
You visited the Abyss 1 time.

You collected 204 gold pieces.

Inventory:

Hand Weapons
 a - a +1 hand axe (weapon)
Armour
 e - a +0 chain mail of fire resistance (worn)
Jewellery
 k - a cursed ring of flight (left claw)
Wands
 m - a wand of digging (19/24)
Scrolls
 f - a scroll of magic mapping {unknown}
 g - 2 scrolls of teleportation
 h - 2 scrolls of remove curse {unknown}
 i - a scroll of immolation {unknown}
 j - a scroll of fog
 l - 2 scrolls of identify {unknown}
Potions
 b - a potion of brilliance
 p - a potion of curing {unknown}
Comestibles
 c - 3 bread rations
 d - 6 meat rations
 o - 4 fruits


   Skills:
 + Level 3.8 Fighting
 + Level 2.7 Axes
 * Level 3.3 Armour
 + Level 1.4 Dodging
 * Level 3.5 Invocations


You had 4 spell levels left.
You didn't know any spells.

Dungeon Overview and Level Annotations

Branches:
Dungeon (4/15)             Temple (0/1) D:4

Altars:
Dithmenos
Nemelex Xobeh
Qazlal
Xom
The Shining One


Innate Abilities, Weirdness & Mutations

You have very sharp fingernails.


Message History

l - 2 scrolls labeled YMMAWYMUSA (gained 1)
Found 12 poisoned needles.
An ogre comes into view. It is wielding a giant club.
The ogre shouts!
You see here a scroll labeled FOAXAOHASYA.
An ogre is nearby!
h - 2 scrolls labeled FOAXAOHASYA (gained 1) Drink which item? (? for menu, Esc to quit)
It was a potion of might.
You feel very mighty all of a sudden.
You are feeling very hungry.
The ogre hits you with a giant club!
You slash the ogre!
The ogre is heavily wounded.
The ogre hits you with a giant club!
You slash the ogre!
The ogre is almost dead.
The ogre hits you with a giant club!!
Ouch! That really hurt!
You die...

### ..# .# #.# #.#
#.# #.# # #.# #.#
....######.## #.#
#....O@....# #.#
#########..######.##
#..........#
##.######..#### #.#
#...... #.# ##.####
#.# #.# #.# #.####
### ## #.# #.....


You could see an ogre.

Vanquished Creatures
  A crimson imp (D:4)
  A worker ant (D:4)
  Terence (D:2)
  3 adders
  2 oozes (D:1)
  3 giant geckos
  An orc (D:3)
  3 giant cockroaches
  4 goblins
  8 hobgoblins
  4 bats
  6 giant newts
  2 goblin skeletons (D:4)
  A goblin zombie (D:4)
  3 hobgoblin zombies (D:4)
  10 kobolds
  A kobold skeleton (D:4)
  A kobold zombie (D:4)
  2 orc skeletons (D:4)
  An orc zombie (D:4)
  6 rats
64 creatures vanquished.

Notes
Turn   | Place    | Note
--------------------------------------------------------------
     0 | Abyss:1  | Gargoyl the Demonspawn Abyssal Knight began the quest for the Orb.
     0 | Abyss:1  | Reached XP level 1. HP: 18/18 MP: 2/2
    63 | Abyss:2  | Noticed a raiju
    68 | Abyss:2  | Noticed a ynoxinul
    69 | D:1      | Escaped the Abyss
    70 | D:1      | Reached skill level 1 in Dodging
   236 | D:1      | Reached * piety under Lugonu
   236 | D:1      | Gained mutation: You have sharp fingernails. [demonic ancestry]
   236 | D:1      | Reached XP level 2. HP: 24/24 MP: 3/3
   748 | D:1      | Reached XP level 3. HP: 26/29 MP: 5/5
  1009 | D:2      | Found a stormy altar of Qazlal.
  1455 | D:2      | Noticed Terence
  1482 | D:2      | Killed Terence
  1482 | D:2      | Gained mutation: You have very sharp fingernails. [demonic ancestry]
  1482 | D:2      | Reached XP level 4. HP: 21/37 MP: 6/6
  2124 | D:3      | Reached ** piety under Lugonu
  2411 | D:3      | Found a faded altar to an unknown god.
  2648 | D:3      | Found a sparkling altar of Nemelex Xobeh.
  2648 | D:3      | Found a shadowy altar of Dithmenos.
  2649 | D:3      | Found a shimmering altar of Xom.
  2951 | D:4      | Found a glowing golden altar of the Shining One.
  3060 | D:4      | Reached XP level 5. HP: 35/42 MP: 7/7
  3101 | D:4      | Found a staircase to the Ecumenical Temple.
  3247 | D:4      | Noticed an ogre
  3253 | D:4      | Mangled by an ogre

Skill      XL: |  1  2  3  4 |
---------------+-------------+-----
Dodging        | 1 |  1.4
Axes           | 2 |  2.7
Armour         | 2 3 |  3.3
Invocations    | 3 |  3.5
Fighting       | |  3.8

Action                   |  1- 3 |  4- 6 || total
-------------------------+-------+-------++-------
Melee: Hand axe          |   131 |   172 ||   303
Invok: Depart the Abyss  |     1 |       ||     1
  Use: Potion            |     4 |     1 ||     5
       Scroll            |       |     3 ||     3
  Eat: Chunk             |     2 |     1 ||     3
       Bread ration      |       |     1 ||     1
Armor: Chain mail        |    87 |   127 ||   214
       Leather armour    |     1 |       ||     1
Dodge: Dodged            |    54 |    51 ||   105
